 Dungeon Sprint DCSS version 0.27-a0-1572-gacd6f1ce93 (webtiles) character file.

Game seed: 14805052881477466864

134 Conn the Firebug (level 5, -7/31 HPs)
             Began as an Octopode Fire Elementalist on July 17, 2021.
             Killed by drain life
             ... invoked by a soul eater
             ... summoned by a kobold demonologist
              (18 damage)
             ... in the Dungeon (Sprint III: "The Ten Rune Challenge").
             The game lasted 00:06:06 (497 turns).

Conn the Firebug (Octopode Fire Elementalist)        Turns: 497, Time: 00:06:07

Health: -7/31      AC:  1    Str:  7    XL:     5   Next: 17%
Magic:  3/11       EV: 14    Int: 19    God:
Gold:   31         SH:  0    Dex: 12    Spells: 6/13 levels left

rFire    . . .     SeeInvis .   (no weapon)
rCold    . . .     Faith    .   (no shield)
rNeg     . . .     Spirit   .   (helmet restricted)
rPois    .         Reflect  .   (no amulet)
rElec    .         Harm     .   (no ring)
rCorr    .         Rampage  .   (no ring)
Will     .....     NoTele   +   (no ring)
Stlth    ++++......             (no ring)
HPRegen  0.10/turn              (no ring)
MPRegen  0.12/turn              (no ring)
                                (no ring)
                                (no ring)

@: hasted, very quick
A: almost no armour, amphibious, 8 rings, camouflage 1, gelatinous body 1,
(nimble swimmer 1), tentacles
a: no special abilities


You were in the Dungeon.
You visited 1 branch You collected 31 gold pieces.

Inventory:

Scrolls
 e - 2 scrolls of torment {unknown}
 f - a scroll of blinking
 g - 5 scrolls of identify
Potions
 a - a potion of curing
 d - 2 potions of magic
 h - a potion of cancellation {unknown}
 i - a potion of flight {unknown}
 j - 5 potions of mutation


   Skills:
 + Level 3.6 Dodging
 + Level 5.2 Stealth
 + Level 4.6 Spellcasting
 + Level 2.4 Conjurations
 + Level 0.1 Hexes
 + Level 7.6 Fire Magic


You had 6 spell levels left.
You knew the following spells:

 Your Spells              Type           Power      Damage    Failure   Level
a - Foxfire               Conj/Fire      92%        2x1d8     1%          1
b - Conjure Flame         Conj/Fire      23%        6-21      4%          3
c - Inner Flame           Hex/Fire       19%        N/A       8%          3

Your spell library contained the following spells:

 Spells                   Type           Power      Damage    Failure   Level
 Sticky Flame             Conj/Fire      23%        2d4       16%         4
 Fireball                 Conj/Fire      11%        3d7       41%         5


Dungeon Overview and Level Annotations

Branches:
Dungeon (1/1)

Altars:
Sif Muna
Vehumet


Innate Abilities, Weirdness & Mutations

You cannot wear most types of armour.
You are amphibious.
You can wear up to eight rings at the same time.
Your skin changes colour to match your surroundings (Stealth+).
Your rubbery body absorbs attacks. (AC +1, EV +1)
((You are camouflaged near water. (Stealth+)))
You have tentacles for arms and can constrict up to eight enemies at once.


Message History

The soul eater is engulfed in a cloud of scalding steam.
Unknown command.
Casting: Foxfire (safe; 1% risk of failure)
Confirm with . or Enter, or press ? or * to list all spells.
Okay, then.
You aren't carrying any items that you can evoke.
Unknown command.
Unknown command.
Press: ? - help, v - describe, . - travel
Here: a soul eater (water, lightly wounded, summoned, ally target) Some deep water.
Unknown command.
Unknown command.
Unknown command.
The foxfire hits the soul eater but does no damage.
The soul eater is lightly wounded.
The kobold demonologist casts a cantrip, but nothing happens.
The soul eater is engulfed in a cloud of scalding steam.
You aren't carrying any items that you can evoke.
Unknown command.
Unknown command.
Casting: Foxfire (safe; 1% risk of failure)
Confirm with . or Enter, or press ? or * to list all spells.
You conjure some foxfire!
The kobold demonologist miscasts a cantrip.
The foxfire hits the soul eater.
The soul eater is moderately wounded.
The soul eater is engulfed in a cloud of scalding steam.
The foxfire hits the soul eater but does no damage.
The soul eater is moderately wounded.
Unknown command.
The kobold demonologist gestures wildly while chanting.
The soul eater draws from the surrounding life force!
Ouch! That really hurt!
The soul eater is healed.
Unknown command.
Unknown command.
The soul eater draws from the surrounding life force!
Ouch! That really hurt!
You die...

▓▓▓▓▓▓▓▓▓▓▓▓▓ ▓▓▓
▓<.#..'.....♣ ♣.#
▓..#..#.....♣ ♣♣.#
▓#÷####....♣♣ ♣..#
▓.....#..3.≈♣♣♣♣..###+#+
▓.....#...≈≈.♣.♣..#.....
▓.....#..≈≈≈≈§§...'.⌠...
▓####)#@.≈≈≈○§☼...#...##
▓[....#.≈≈≈≈4≈○...#.⌠.#
▓.....#.≈≈≈≈≈.....#...#
▓.....#.≈≈≈.K.....#p###
▓†#####...........#.K
▓.................#__
▓▓▓▓▓▓▓▓▓▓▓▓▓▓▓▓▓▓▓▓▓▓


You could see a soul eater (summoned), a hellwing (summoned) and a kobold
demonologist.

Vanquished Creatures
  A water elemental (D)
  Jessica (D)
  A wizard (D)
  A human (D)
  A phantom (D)
  An endoplasm (D)
  A rat (D)
7 creatures vanquished.

Vanquished Creatures (others)
  40 foxfires (D)
  2 plants (D)
42 creatures vanquished.

Grand Total: 49 creatures vanquished

Notes
Turn   | Place    | Note
-------+----------+-------------------------------------------
     0 | D        | Conn the Octopode Fire Elementalist began the quest for the
                  | Orb.
     0 | D        | Reached XP level 1. HP: 11/11 MP: 3/3
    45 | D        | Noticed Jessica
    96 | D        | Killed Jessica
    97 | D        | Reached skill level 5 in Fire Magic
    97 | D        | Reached XP level 2. HP: 11/17 MP: 1/6
    97 | D        | Reached XP level 3. HP: 14/21 MP: 1/7
   274 | D        | Learned a level 3 spell: Conjure Flame
   278 | D        | Learned a level 3 spell: Inner Flame
   413 | D        | Noticed a water elemental
   424 | D        | Killed a water elemental
   425 | D        | Reached skill level 7 in Fire Magic
   425 | D        | Reached XP level 4. HP: 27/27 MP: 6/10
   461 | D        | Found a radiant altar of Vehumet.
   462 | D        | Found a shimmering blue altar of Sif Muna.
   462 | D        | Noticed a wizard
   481 | D        | Noticed a soul eater
   481 | D        | Killed a wizard
   482 | D        | Reached skill level 5 in Stealth
   482 | D        | Reached XP level 5. HP: 31/31 MP: 5/11
   496 | D        | Noticed a hellwing
   497 | D        | Killed from afar by a soul eater

Illustrated notes

Levels and vault maps discovered:
D:        dungeon_sprint_mu [sprint_mu_entry_forest, sprint_mu_temple_rooms,
          sprint_mu_d1_spiders, sprint_mu_d2_genie, sprint_mu_d3_branching,
          sprint_mu_orc_legion, sprint_mu_elf_gauntlet, sprint_mu_hive_nellie,
          sprint_mu_lair_fedhas, sprint_mu_vaults_butterflies,
          sprint_mu_slime_circle, sprint_mu_swamp_cave, sprint_mu_shoals_kraken,
          sprint_mu_blade_basic, sprint_mu_crypt_chambers,
          sprint_mu_tomb_spiral, sprint_mu_vestibule_basic,
          sprint_mu_gehenna_hellfire, sprint_mu_dis_giant,
          sprint_mu_tartarus_statrot, sprint_mu_cocytus_islands, sprint_mu_zot1]

Skill      XL: |  1  2  3  4 |
---------------+-------------+-----
Stealth        | 3 4 5 |  5.2
Spellcasting   | 3 4 |  4.6
Fire Magic     | 5 7 |  7.6
Dodging        | 3 |  3.6
Conjurations   | 2 |  2.4
Hexes          | |  0.1

Action                   |  1- 3 |  4- 6 || total
-------------------------+-------+-------++-------
Melee: Unarmed           |     8 |       ||     8
       Constrict         |     2 |       ||     2
       Tentacles         |     1 |       ||     1
 Cast: Foxfire           |    18 |     5 ||    23
       Inner Flame       |     1 |     1 ||     2
  Use: Potion            |     1 |     2 ||     3
Dodge: Dodged            |    11 |       ||    11

Table legend: (Time is in decaauts)
 A = Elapsed time spent in this place.
 B = Non-inter-level travel time spent in this place.
 C = Inter-level travel time spent in this place.
 D = Time resting spent in this place.
 E = Time spent auto-exploring this place.
 F = Levels seen in this place.
 G = Mean time per level.
                   A        B        C        D        E       F      G
               +--------+--------+--------+--------+--------+-----+--------+
         Total |    506 |    506 |      0 |    269 |      0 |   1 |  506.0 |
       Dungeon |    506 |    506 |      0 |    269 |      0 |   1 |  506.0 |
               +--------+--------+--------+--------+--------+-----+--------+

Top non-repeatable levels by time:
       D: 506 daAuts
